AoeStats
← FlyingShrimp500

Arena

510210362Analyzed
4v4 RM · 17h ago on Sep 30, 2026· 46m 31s· 8 players
Game mode
Random Map
Map size
Large (8 player)
Population
200
Speed
Normal
Resources
Standard
Victory
Conquest
Starting age
Dark Age
Ending age
Imperial Age
RankedLock teamsTeams togetherTeam positionsShared explorationLock speedFull tech treeHidden civsTurbo modeCheats
Victory
Defeat
🇨🇴 Byzantines · Colombia
961
+8
🇧🇷 Britons · Brazil
816
+13
🇨🇴 Cumans · Colombia
816
+13
🇳🇱 Teutons · Netherlands
786
+15
🇺🇸 Britons · United States
801
-14
🇺🇸 Bengalis · United States
769
-13
🇺🇸 Bohemians · United States
741
-11
🇺🇸 Huns · United States
737
-11
Guará
10:23 Feudal Age
11:22 Double-Bit Axe
12:17 Wheelbarrow
12:51 Horse Collar
18:16 Castle Age
17:24 Man-at-Arms
21:46 Stone Mining
21:47 Gold Mining
24:00 Heavy Plow
26:43 Padded Archer Armor
26:53 Forging
26:44 Scale Mail Armor
27:08 Hand Cart
29:42 Gold Mining
31:09 Fletching
31:35 Leather Archer Armor
31:52 Yeomen
33:09 Bodkin Arrow
33:46 Ballistics
33:37 Masonry
37:21 Imperial Age
35:14 Bow Saw
34:29 Long Swordsman
34:55 Gambesons
35:10 Squires
34:56 Arson
37:46 Elite Longbowman
39:06 Ring Archer Armor
41:01 Chemistry
40:07 Bracer
Big papi Nelis
11:35 Feudal Age
17:14 Castle Age
15:32 Double-Bit Axe
16:49 Horse Collar
18:29 Wheelbarrow
23:36 Forging
23:56 Heavy Plow
26:31 Hand Cart
26:39 Fervor
29:00 Gold Mining
29:02 Stone Mining
30:30 Stone Shaft Mining
33:16 Imperial Age
34:05 Ironclad
34:22 Scale Mail Armor
34:57 Iron Casting
35:35 Chain Mail Armor
35:49 Conscription
34:51 Elite Teutonic Knight
35:55 Devotion
36:15 Sanctity
36:09 Redemption
36:27 Illumination
36:39 Theocracy
36:22 Squires
38:00 Plate Mail Armor
38:31 Blast Furnace
37:38 Scale Barding Armor
37:25 Fletching
39:52 Chain Barding Armor
40:45 Cavalier
41:35 Bloodlines
43:00 Siege Engineers
43:56 Chemistry
43:07 Masonry
44:02 Chemistry
44:29 Plate Barding Armor
43:18 Paladin
45:53 Bodkin Arrow
46:24 Crenellations
46:19 Caravan
Ryukuro-Tsubarashi
0:34 Loom
9:43 Feudal Age
11:18 Loom
15:33 Castle Age
14:39 Stone Mining
27:31 Redemption
32:57 Husbandry
33:19 Forging
33:10 Scale Mail Armor
35:05 Wheelbarrow
36:37 Iron Casting
37:36 Scale Barding Armor
38:54 Gold Mining
39:26 Hand Cart
40:48 Chain Barding Armor
42:41 Double-Bit Axe
42:39 Horse Collar
46:02 Imperial Age
47:28 Plate Barding Armor
47:27 Conscription
gg
13:56 Feudal Age
18:32 Castle Age
16:45 Double-Bit Axe
16:43 Horse Collar
26:57 Wheelbarrow
30:14 Scale Barding Armor
30:09 Scale Mail Armor
30:26 Forging
34:58 Hand Cart
35:03 Steppe Husbandry
37:57 Imperial Age
35:33 Loom
37:15 Iron Casting
36:55 Chain Mail Armor
37:01 Chain Barding Armor
38:38 Ballistics
38:30 Masonry
40:06 Plate Mail Armor
40:36 Blast Furnace
39:45 Elite Steppe Lancer
mm787
11:26 Feudal Age
12:19 Double-Bit Axe
16:42 Castle Age
15:40 Horse Collar
17:39 Gold Mining
17:41 Stone Mining
18:32 Bow Saw
19:47 Scale Mail Armor
23:10 Pikeman
24:20 Forging
40:33 Fletching
42:58 Padded Archer Armor
43:05 Crossbowman
43:56 Bodkin Arrow
44:17 Leather Archer Armor
pjc013
4:37 Loom
12:19 Feudal Age
13:42 Double-Bit Axe
19:38 Castle Age
23:05 Pikeman
26:36 Town Watch
28:04 Horse Collar
30:23 Wheelbarrow
29:53 Town Patrol
32:27 Chemistry
32:51 Ballistics
37:16 Imperial Age
39:12 Wagenburg Tactics
42:00 Siege Engineers
41:49 Houfnice
FlyingShrimp500
14:23 Feudal Age
20:19 Castle Age
22:03 Double-Bit Axe
22:13 Stone Mining
22:16 Gold Mining
25:09 Husbandry
25:22 Bloodlines
26:12 Bow Saw
26:58 Horse Collar
27:57 Gold Shaft Mining
29:58 Thumb Ring
30:12 Heavy Plow
30:27 Forging
30:22 Scale Barding Armor
34:01 Padded Archer Armor
33:52 Fletching
35:40 Wheelbarrow
34:55 Town Watch
38:40 Leather Archer Armor
38:21 Bodkin Arrow
42:52 Imperial Age
43:06 Ballistics
deadpandessert
11:50 Feudal Age
21:32 Castle Age
20:51 Horse Collar
21:07 Gold Mining
21:08 Stone Mining
21:11 Double-Bit Axe
21:41 Scale Barding Armor
25:44 Bow Saw
25:55 Man-at-Arms
26:47 Padded Archer Armor
30:40 Bloodlines
30:58 Chain Barding Armor
30:55 Leather Archer Armor
30:31 Fletching
31:22 Wheelbarrow
30:56 Long Swordsman
31:23 Gambesons
31:46 Husbandry
33:09 Elite Skirmisher
34:12 Hand Cart
35:58 Gold Shaft Mining
35:27 Bodkin Arrow
35:47 Forging
36:17 Fortified Wall
36:29 Ballistics
38:33 Paiks
41:33 Imperial Age
41:37 Elite Elephant Archer
44:51 Loom
46:06 Ring Archer Armor
Connection lost

Rejoining the realm…

Still unreachable

The connection could not be restored.

Session expired

The server has moved on; the page needs a fresh start.